[gd_scene load_steps=5 format=3 uid="uid://cuflu0ijmb4ua"]

[ext_resource type="PackedScene" uid="uid://c7e1s7gokp1j0" path="res://grid_square/grid_square.tscn" id="1_i20p2"]
[ext_resource type="Script" path="res://grid/Unsubdivide.gd" id="2_a6ktn"]
[ext_resource type="Texture2D" uid="uid://dbosqochwyab0" path="res://images/dish_rice.svg" id="3_u7j5j"]
[ext_resource type="Texture2D" uid="uid://c0rifwiou8qf1" path="res://images/icons/btn_x.svg.png" id="4_d37h5"]

[node name="Grid" type="Node2D"]

[node name="NorthWestSquare" parent="." instance=ExtResource("1_i20p2")]
position = Vector2(-50, -50)

[node name="NorthEastSquare" parent="." instance=ExtResource("1_i20p2")]
position = Vector2(50, -50)

[node name="SouthWestSquare" parent="." instance=ExtResource("1_i20p2")]
position = Vector2(-50, 50)

[node name="SouthEastSquare" parent="." instance=ExtResource("1_i20p2")]

[node name="Control" type="Control" parent="."]
layout_mode = 3
anchors_preset = 0
offset_left = -20.0
offset_top = -20.0
offset_right = 20.0
offset_bottom = 20.0
scale = Vector2(1, 1.018)
script = ExtResource("2_a6ktn")

[node name="Sprite2D" type="Sprite2D" parent="Control"]
modulate = Color(0.614801, 0, 0.257797, 1)
position = Vector2(20, 20)
scale = Vector2(0.5, 0.5)
texture = ExtResource("3_u7j5j")

[node name="Menu" type="PanelContainer" parent="Control"]
visible = false
layout_mode = 1
anchors_preset = 8
anchor_left = 0.5
anchor_top = 0.5
anchor_right = 0.5
anchor_bottom = 0.5
offset_left = -38.0928
offset_top = -16.0508
offset_right = 39.9073
offset_bottom = 17.9492
grow_horizontal = 2
grow_vertical = 2

[node name="HBox" type="HBoxContainer" parent="Control/Menu"]
layout_mode = 2
alignment = 1

[node name="UnSubdivide" type="TextureRect" parent="Control/Menu/HBox"]
visible = false
layout_mode = 2
texture = ExtResource("4_d37h5")
stretch_mode = 3

[connection signal="gui_input" from="Control" to="Control" method="_on_gui_input"]
[connection signal="mouse_entered" from="Control" to="Control" method="_on_mouse_entered"]
[connection signal="mouse_exited" from="Control" to="Control" method="_on_mouse_exited"]
[connection signal="gui_input" from="Control/Menu/HBox/UnSubdivide" to="Control" method="_on_un_subdivide_gui_input"]
